 Dungeon Crawl Stone Soup version 0.30-a0-368-g86fb4627a9 (webtiles) character file.

Game seed: 8809313261945238848

21829 Shayle the Fighter (level 12, -1/116 HPs)
             Began as a Naga Reaver on Nov 18, 2022.
             Was an Initiate of Gozag.
             Slain by a minotaur
             ... wielding a +2 dagger of protection
              (21 damage)
             ... in a Gauntlet on Nov 20, 2022.
             The game lasted 00:54:31 (14372 turns).

Shayle the Fighter (Naga Reaver)                   Turns: 14372, Time: 00:54:32

Health: -1/116     AC: 24    Str: 17    XL:     12   Next: 94%
Magic:  0/22       EV: 12    Int: 23    God:    Gozag
Gold:   541        SH:  0    Dex: 13    Spells: 8/25 levels left

rFire   . . .      SeeInvis +    O - +5 mace of Checks and Balances {spect, rElec rPois Will- Dex+4}
rCold   . . .      Faith    .    (no shield)
rNeg    . . .      Spirit   +    b - +0 leather armour
rPois   +          Reflect  .    o - +1 helmet
rElec   +          Harm     .    y - +1 cloak of Starlight {*Dazzle EV+4 Stlth--}
rCorr   .          Rampage  .    B - +2 pair of gloves
Will    .....      NoTele   +    I - +1 barding
Stlth   ++........               g - amulet of Ascent {Spirit Fragile Slay+2 SInv Stlth+}
HPRegen 0.39/turn                e - +6 ring of intelligence
MPRegen 0.18/turn                p - +4 ring of protection

@: mighty, brilliant, very slow
A: AC +4, large, see invisible, deformed body, poison resistance, slowness 2,
spit poison 1, naga tail 1
a: Spit Poison, Renounce Religion, Potion Petition, Call Merchant, Bribe Branch


You were in a Gauntlet.
You worshipped Gozag.
Gozag was pleased with you.
You visited 3 branches of the dungeon, and saw 14 of its levels.
You also visited: Gauntlet.

You collected 2253 gold pieces.
You spent 115 gold pieces at shops.
You paid 1597 gold pieces to Gozag.

Inventory:

Hand Weapons
 r - a +1 scythe of flaming
 t - a +5 hand axe of freezing
 u - a +1 rapier of flaming
 x - a +1 spectral long sword
 J - a +2 scimitar of flaming
 O - the +5 mace of Checks and Balances (weapon) {spect, rElec rPois Will- Dex+4}
   (You found it on level 10 of the Dungeon)

   When its wielder attacks, the weapon's spirit leaps out and strikes again.
   The spirit shares a part of any damage it takes with its wielder.
   Dex:       It affects your dexterity (+4).
   rElec:     It insulates you from electricity.
   rPois:     It protects you from poison.
   Will:      It decreases your willpower.
Missiles
 C - a silver boomerang
 Q - 3 curare-tipped darts (quivered)
Armour
 b - a +0 leather armour (worn)
 o - a +1 helmet (worn)
 w - a +2 cloak
 y - the +1 cloak of Starlight (worn) {*Dazzle EV+4 Stlth--}
   (You found it in a Gauntlet)

   It may blind those who miss an attack against the wearer in melee combat.
   EV:        It affects your evasion (+4).
   Stlth:     It makes you much less stealthy.
 B - a +2 pair of gloves (worn)
 I - a +1 barding (worn)
 K - a +2 robe of willpower
Magical Staves
 z - a staff of conjuration
Jewellery
 a - a +4 ring of protection
 e - a +6 ring of intelligence (left hand)
 g - the amulet of Ascent (around neck) {Spirit Fragile Slay+2 SInv Stlth+}
   (You bought it in a shop on level 2 of the Dungeon)

   [amulet of guardian spirit]

   It causes incoming damage to be divided between your reserves of health and
   magic.
   Slay:      It affects your accuracy & damage with ranged weapons and melee
   (+2).
   SInv:      It lets you see invisible.
   Fragile:   It will be destroyed if unequipped.
   Stlth:     It makes you more stealthy.
 h - a ring of magical power
 j - a ring of positive energy
 l - a ring of resist corrosion
 n - an amulet of magic regeneration
 p - a +4 ring of protection (right hand)
 P - a ring of positive energy
 S - the ring of Incredulity {Str+2 Dex+6}
   (You found it in a Gauntlet)

   [ring of dexterity]

   Str:       It affects your strength (+2).
   Dex:       It affects your dexterity (+6).
Wands
 s - a wand of flame (11)
 F - a wand of charming (18)
 H - a wand of mindburst (6)
 L - a wand of digging (3)
 M - a wand of roots (1)
 R - a wand of quicksilver (3)
Scrolls
 d - 9 scrolls of teleportation
 m - a scroll of fog
 v - a scroll of blinking
 D - 2 scrolls of fear
 E - 4 scrolls of amnesia
Potions
 c - 4 potions of haste
 f - a potion of magic {unknown}
 i - 2 potions of might
 k - 3 potions of curing
 q - 3 potions of flight {unknown}
 A - 2 potions of brilliance
 G - a potion of ambrosia {unknown}
 N - a potion of mutation {unknown}


   Skills:
 + Level 9.9 Fighting
 - Level 6.0 Axes
 - Level 6.0 Armour
 + Level 2.2 Dodging
 - Level 5.1 Stealth
 + Level 7.1 Spellcasting
 - Level 7.8 Conjurations
 + Level 4.4 Transmutations
 + Level 7.2 Fire Magic
 - Level 6.7 Ice Magic
 + Level 6.3 Earth Magic


You had 8 spell levels left.
You knew the following spells:

 Your Spells              Type           Power      Damage    Failure   Level
a - Kiss of Death         Conj/Necr      100%       2d13      1%          1
b - Hailstorm             Conj/Ice       58%        3d13      1%          3
c - Lee's Rapid Deconstr  Erth           27%        3d14*     19%         5
d - Irradiate             Conj/Tmut      26%        3d20      21%         5
e - Stone Arrow           Conj/Erth      100%       3d13      1%          3

Your spell library contained the following spells:

 Spells                   Type           Power      Damage    Failure   Level
 Beastly Appendage        Tmut           86%        N/A       1%          1
 Magic Dart               Conj           100%       1d8       1%          1
 Sandblast                Erth           100%       2d20      1%          1
 Passwall                 Tmut/Erth      40%        N/A       1%          2
 Searing Ray              Conj           100%       2d8       1%          2
 Momentum Strike          Conj/Tloc      78%        3d10      2%          2
 Dazzling Flash           Conj/Hex       78%        N/A       5%          3
 Ignite Poison            Fire/Tmut/Pois 39%        N/A       5%          3
 Ice Form                 Ice/Tmut       50%        N/A       9%          4
 Petrify                  Tmut/Erth      49%        N/A       10%         4
 Sublimation of Blood     Necr           12%        N/A       14%         2
 Fulminant Prism          Conj/Hex       19%        3d10      19%         4
 Leda's Liquefaction      Hex/Erth       17%        N/A       24%         4
 Statue Form              Tmut/Erth      32%        N/A       83%         6
 Agony                    Necr           12%        N/A       94%         5
 Silence                  Hex/Air        6%         N/A       94%         5
 Eringya's Noxious Bog    Tmut/Pois      13%        N/A       99%         6


Dungeon Overview and Level Annotations

Branches:
Dungeon (10/15)            Temple (1/1) D:7            Lair (3/5) D:9
 Shoals (0/4) Lair:2          Orc (0/2) D:9         Gauntlet (1/1)
  Snake: Lair:2-3    Spider: Lair:2-3

Altars:
Ashenzari
Cheibriados
Dithmenos
Elyvilon
Fedhas
Gozag
Hepliaklqana
Kikubaaqudgha
Makhleb
Nemelex Xobeh
Okawaru
Ru
Sif Muna
Trog
Uskayaw
Vehumet
Wu Jian
Yredelemnul
Zin
The Shining One

Shops:
D:2 *   D:5 (   D:9 (

Portals:
Trove: D:10 (give 14 scrolls of teleportation)

Annotations:
D:10 Fannar
Lair:3 experimilk's ghost, journeyman DrCj Gauntlet 12 transporters, 15 runed translucent doors, exclusion: obsidian statue


Innate Abilities, Weirdness & Mutations

Your serpentine skin is tough. (AC +4)
You have supernaturally acute eyesight. (SInv)
Armour fits poorly on your strangely shaped body.
Your system is resistant to poisons. (rPois)
You cover ground very slowly.
You can spit poison.
You have a snake-like lower body.


Message History

The minotaur barely misses you.
The minotaur gores you but does no damage.
You barely miss the minotaur.
The minotaur furiously retaliates!
The minotaur headbutts you, but does no damage.
The minotaur is moderately wounded.
Your +5 mace of Checks and Balances {spect, rElec rPois Will- Dex+4} hits the minotaur!
The minotaur hits you with a +2 dagger of protection!!
The minotaur gores you but does no damage.
You closely miss the minotaur.
The minotaur furiously retaliates!
The minotaur headbutts you, but does no damage.
The minotaur is heavily wounded.
Your +5 mace of Checks and Balances {spect, rElec rPois Will- Dex+4} hits the minotaur but does no damage.
The minotaur hits you with a +2 dagger of protection!
The minotaur gores you!
* * * LOW HITPOINT WARNING * * *
Okay, then. [a] - 260 gold - heal wounds, might and brilliance [b] - 598 gold - resistance, heal wounds and magic [c] - 350 gold - haste and brilliance Purchase which effect?
You no longer have enough gold to fund merchants seeking to open stores in the dungeon.
You feel much better.
You feel very mighty all of a sudden.
You feel clever all of a sudden.
The minotaur hits you with a +2 dagger of protection!!
The minotaur gores you but does no damage.
You hit the minotaur but do no damage.
The minotaur is heavily wounded.
Your +5 mace of Checks and Balances {spect, rElec rPois Will- Dex+4} hits the minotaur but does no damage.
The minotaur hits you but does no damage.
The minotaur gores you but does no damage.
Unknown command.
You barely miss the minotaur.
The minotaur is heavily wounded.
Your +5 mace of Checks and Balances {spect, rElec rPois Will- Dex+4} closely misses the minotaur.
The minotaur hits you with a +2 dagger of protection!!
* * * LOW HITPOINT WARNING * * *
The minotaur gores you but does no damage.
The minotaur hits you with a +2 dagger of protection!!
You die...
Your body crumbles into a pile of gold.

................≈∩§..............
#################################
#8# #8##≈...............≈##8# #8
### ####8..©.©.©.©.©.©..8#### ##
#≈...............≈#
###.#.#######.#.### #.#....#
...#.# #.#.##§#.##.#.
#.....@(...... #.#..##H##..#.
#.#..# .8# #....# ..# ###8.# .8#
#### .[# .8# .|#


You could see a minotaur and a friendly +5 mace of Checks and Balances {spect,
rElec rPois Will- Dex+4} (summoned).

Vanquished Creatures
  A hydra (Lair:2)
  A catoblepas (Lair:1)
  Erica (D:10)
  A two-headed ogre (D:10)
  4 death yaks
  Amaemon (Lair:2)
  A sixfirhy (Gauntlet)
  An ugly thing (D:8)
  2 black mambas (Lair:2)
  3 cane toads (Lair:2)
  An orange demon (Lair:2)
  A rime drake (Lair:2)
  5 komodo dragons
  A troll (D:10)
  2 polar bears (Lair:1)
  2 large abominations (Gauntlet)
  2 hornets
  5 blink frogs (Lair:3)
  Sigmund (D:2)
  A wyvern (D:8)
  11 yaks
  A basilisk (Lair:1)
  2 steam dragons
  A naga (Lair:3)
  Duvessa (D:7)
  7 water moccasins
  An ice beast (shapeshifter) (Gauntlet)
  3 orc warriors
  A swamp drake (D:9)
  4 black bears
  2 ogres (D:6)
  4 centaurs
  16 wolves
  A phantom (D:5)
  2 kobold brigands
  A gnoll sergeant (D:9)
  4 bullfrogs
  3 necrophages
  3 small abominations (Gauntlet)
  A scorpion (D:5)
  8 wights
  Dowan (D:7)
  6 killer bees
  6 howler monkeys
  A jelly (D:5)
  6 orc priests
  5 hounds
  Jessica (D:2)
  3 iguanas
  Natasha (twice) (D:4)
  10 orc wizards
  5 hell rats (D:7)
  Terence (D:2)
  7 gnolls
  13 adders
  8 river rats (D:7)
  A shadow imp (D:8)
  6 ufetubi
  2 worms
  2 dart slugs (D:1)
  41 orcs
  10 bats
  7 endoplasms
  3 giant cockroaches
  6 goblins
  17 hobgoblins
  3 jackals (D:3)
  12 quokkas
  3 ball pythons
  A frilled lizard (D:1)
  6 kobolds
  23 rats
332 creatures vanquished.

Vanquished Creatures (collateral kills)
  A death yak (Lair:3)
  Psyche (D:8)
2 creatures vanquished.

Vanquished Creatures (others)
  A naga (Lair:3)
  An orc wizard (D:6)
  An orc (D:6)
  24 demonic plants (Gauntlet)
  4 fungi
  54 plants
85 creatures vanquished.

Grand Total: 419 creatures vanquished

Notes
Turn   | Place    | Note
-------+----------+-------------------------------------------
     0 | D:1      | Shayle the Naga Reaver began the quest for the Orb.
     0 | D:1      | Reached XP level 1. HP: 19/19 MP: 3/3
   123 | D:1      | Reached XP level 2. HP: 26/26 MP: 5/5
   384 | D:1      | Found a faded altar of an unknown god.
   633 | D:1      | Reached XP level 3. HP: 20/32 MP: 6/6
  1226 | D:2      | Noticed Sigmund
  1263 | D:2      | Learned a level 3 spell: Hailstorm
  1519 | D:2      | Found Vintul's Assorted Antiques.
  1555 | D:2      | Noticed Terence
  1583 | D:3      | Reached XP level 4. HP: 36/40 MP: 7/7
  2401 | D:3      | Found a glowing silver altar of Zin.
  2524 | D:4      | Reached skill level 1 in Ice Magic
  2579 | D:2      | Bought an ancient graven amulet for 115 gold pieces
  2579 | D:2      | Identified the amulet of Ascent {Spirit Fragile Slay+2 SInv
                  | Stlth+} (You bought it in a shop on level 2 of the Dungeon)
  2608 | D:2      | Found an ornate altar of the Wu Jian Council.
  2744 | D:2      | Noticed Jessica
  2748 | D:2      | Killed Jessica
  2749 | D:2      | Reached skill level 3 in Fighting
  2749 | D:2      | Reached XP level 5. HP: 44/49 MP: 6/8
  2964 | D:2      | Killed Sigmund
  2965 | D:2      | Reached XP level 6. HP: 39/56 MP: 2/9
  2973 | D:2      | Killed Terence
  3314 | D:4      | Noticed Natasha
  3321 | D:4      | Killed Natasha
  3534 | D:4      | Noticed Natasha
  3544 | D:4      | Killed Natasha
  3740 | D:4      | Reached XP level 7. HP: 63/63 MP: 10/10
  3775 | D:4      | Found an iron altar of Okawaru.
  4440 | D:5      | Entered Level 5 of the Dungeon
  4451 | D:5      | Reached skill level 4 in Fighting
  4754 | D:5      | Found a burning altar of Makhleb.
  4822 | D:5      | Reached skill level 5 in Axes
  4822 | D:5      | Reached skill level 5 in Conjurations
  4945 | D:5      | Reached XP level 8. HP: 67/73 MP: 8/11
  5050 | D:5      | Found Oxkueclu's Weapon Shoppe.
  5455 | D:5      | Reached skill level 5 in Fighting
  5545 | D:6      | Noticed a hornet
  5549 | D:6      | Paralysed by a hornet for 3 turns
  5555 | D:6      | Killed a hornet
  5698 | D:6      | Reached skill level 1 in Stealth
  5712 | D:6      | Reached skill level 5 in Ice Magic
  5712 | D:6      | Reached XP level 9. HP: 24/82 MP: 5/12
  6161 | D:6      | Found a bloodstained altar of Trog.
  6274 | D:6      | Reached skill level 6 in Fighting
  6616 | D:7      | Found a staircase to the Ecumenical Temple.
  6624 | Temple   | Entered the Ecumenical Temple
  6688 | Temple   | Became a worshipper of Gozag Ym Sagoz the Greedy
  7134 | D:7      | Reached skill level 5 in Stealth
  7437 | D:7      | Noticed Dowan
  7439 | D:7      | Noticed Duvessa
  7477 | D:7      | Killed Duvessa
  7478 | D:7      | Reached skill level 1 in Fire Magic
  7681 | D:8      | Reached skill level 1 in Armour
  8111 | D:8      | Reached XP level 10. HP: 89/92 MP: 12/14
  8219 | D:8      | Reached skill level 7 in Fighting
  8307 | D:8      | Noticed a cyan ugly thing
  8615 | D:8      | Noticed Psyche
  8758 | D:8      | Killed Psyche
  8766 | D:8      | Killed a cyan ugly thing
  9038 | D:7      | Killed Dowan
  9584 | D:7      | Learned a level 5 spell: Lee's Rapid Deconstruction
  9638 | D:9      | Found a hide-covered altar of Uskayaw.
  9693 | D:9      | Reached skill level 1 in Earth Magic
  9764 | D:9      | Found Ivuucuca's Antique Weapon Emporium.
  9947 | D:10     | Entered Level 10 of the Dungeon
  9947 | D:10     | Found a portal to a secret trove of treasure.
  9961 | D:10     | Noticed Erica
  9982 | D:10     | Killed Erica
 10180 | D:10     | Identified the +5 mace of Checks and Balances {spect, rElec
                  | rPois Will- Dex+4}
 10204 | D:10     | Reached XP level 11. HP: 89/103 MP: 13/18
 10209 | D:10     | Reached skill level 8 in Fighting
 10272 | D:10     | Noticed a two-headed ogre
 10279 | D:10     | Killed a two-headed ogre
 10280 | D:10     | Reached skill level 5 in Spellcasting
 10323 | D:10     | Noticed Fannar
 10422 | D:9      | Found a staircase to the Orcish Mines.
 10610 | D:9      | Found a staircase to the Lair.
 10622 | D:9      | Noticed a death yak
 10665 | D:9      | Noticed a death yak
 10666 | D:9      | Noticed a death yak
 10680 | D:9      | Killed a death yak
 10733 | Lair:1   | Entered Level 1 of the Lair of Beasts
 10855 | Lair:1   | Reached skill level 5 in Fire Magic
 11477 | Lair:1   | Learned a level 5 spell: Irradiate
 11569 | Lair:1   | Noticed a catoblepas
 11587 | Lair:1   | Killed a catoblepas
 11588 | Lair:1   | Reached skill level 1 in Transmutations
 11854 | Lair:2   | Noticed a six-headed hydra
 11864 | Lair:2   | Killed a six-headed hydra
 11921 | Lair:2   | Noticed Amaemon
 11935 | Lair:2   | Killed Amaemon
 11936 | Lair:2   | Reached skill level 9 in Fighting
 11936 | Lair:2   | Reached skill level 5 in Armour
 11936 | Lair:2   | Reached XP level 12. HP: 91/114 MP: 11/21
 12157 | Lair:2   | Reached skill level 5 in Earth Magic
 12292 | Lair:2   | Learned a level 3 spell: Stone Arrow
 12298 | Lair:2   | Found a staircase to the Shoals.
 12680 | Lair:2   | Identified a scroll of acquirement
 12681 | Lair:2   | Acquired the Reference Book on Forms and Envenoming
 13511 | Lair:3   | Noticed experimilk's ghost (journeyman DrCj)
 13558 | Lair:3   | Noticed a minotaur
 13570 | Lair:3   | Noticed a death yak
 13571 | Lair:3   | Noticed a death yak
 13571 | Lair:3   | Noticed a death yak
 13573 | Lair:3   | Noticed a death yak
 13587 | Lair:3   | Killed a death yak
 13628 | Lair:3   | Killed a death yak
 13640 | Lair:3   | Killed a death yak
 13650 | Lair:3   | Killed a death yak
 13679 | Lair:3   | Found a gate leading to a gauntlet.
 13687 | Gauntlet | Entered a Gauntlet
 13687 | Gauntlet | Found a transporter.
 13856 | Gauntlet | Found a large runed translucent door.
 13857 | Gauntlet | Found a large runed translucent door.
 13858 | Gauntlet | Found a large runed translucent door.
 13858 | Gauntlet | Found a large runed translucent door.
 13858 | Gauntlet | Found a runed translucent door.
 13858 | Gauntlet | Found a runed translucent door.
 13859 | Gauntlet | Found a large runed translucent door.
 13860 | Gauntlet | Found a large runed translucent door.
 13861 | Gauntlet | Found a large runed translucent door.
 13861 | Gauntlet | Found a large runed translucent door.
 13862 | Gauntlet | Found a runed translucent gate.
 13862 | Gauntlet | Found a runed translucent gate.
 13862 | Gauntlet | Found a runed translucent gate.
 13864 | Gauntlet | Found a transporter.
 13873 | Gauntlet | Found a large runed translucent door.
 13873 | Gauntlet | Found a large runed translucent door.
 13874 | Gauntlet | Found a large runed translucent door.
 13875 | Gauntlet | Found a large runed translucent door.
 13879 | Gauntlet | Found a transporter.
 13886 | Gauntlet | Found a transporter.
 13901 | Gauntlet | Found a transporter.
 13920 | Gauntlet | Found a transporter.
 13940 | Gauntlet | Found a transporter.
 13951 | Gauntlet | Noticed a hell hog
 13952 | Gauntlet | Found a transporter.
 13960 | Gauntlet | Noticed a death yak
 13961 | Gauntlet | Noticed a death yak
 13961 | Gauntlet | Noticed a death yak
 13962 | Gauntlet | Noticed a death yak
 13964 | Gauntlet | Found a transporter.
 13975 | Gauntlet | Noticed a hell beast
 13976 | Gauntlet | Found a transporter.
 13994 | Gauntlet | Found a transporter.
 14011 | Gauntlet | Found a transporter.
 14013 | Gauntlet | Found a transporter.
 14019 | Gauntlet | Noticed an entropy weaver
 14026 | Gauntlet | an entropy weaver changed into a polar bear
 14029 | Gauntlet | Noticed a bunyip
 14041 | Gauntlet | Found a transporter.
 14044 | Gauntlet | a bunyip changed into a tyrant leech
 14062 | Gauntlet | Noticed a spark wasp
 14062 | Gauntlet | Found a transporter.
 14063 | Gauntlet | Found the +1 cloak of Starlight {*Dazzle EV+4 Stlth--}
 14066 | Gauntlet | Found a transporter.
 14091 | Gauntlet | Found a transporter.
 14093 | Gauntlet | Found a large runed translucent door.
 14113 | Gauntlet | Found a large runed translucent door.
 14120 | Gauntlet | Found a transporter.
 14120 | Gauntlet | Found a large runed translucent door.
 14120 | Gauntlet | Found a large runed translucent door.
 14345 | Gauntlet | Identified the ring of Incredulity {Str+2 Dex+6}
 14360 | Gauntlet | Noticed a minotaur
 14372 | Gauntlet | Slain by a minotaur

Illustrated notes

Levels and vault maps discovered:
D:1:      lemuel_arrival_river_ford, layout_loops_ring,
          dreamdust_ecumenical_altar_grove
D:2:      layout_basic, serial_shops, nicolae_shop_window_shopping, basic_altar,
          corexii_hall_statues_l, uniq_sigmund, uniq_terence, uniq_jessica
D:3:      layout_rooms, zin_treasury
D:4:      layout_layer_cave, mainiacjoe_overflow_surrounded_room,
          dreamdust_wishing_well, grunt_ministairs_3,
          chequers_serial_rivers_micro_b, minmay_puff, uniq_natasha
D:5:      layout_layer_cave, makhleb_heckhound_becter, serial_shops,
          nicolae_shop_competitors_out_of_business, kennysheep_nondescript
D:6:      layout_basic, lightli_temple_of_fire
D:7:      lemuel_ratsnest, layout_basic, minmay_temple_entry_overgrown,
          uniq_duvessa
D:8:      layout_basic, kennysheep_just_a_vault, uniq_psyche
D:9:      layout_big_octagon, mainiacjoe_overflow_cross_hatched,
          dpeg_lair_monsters, erik_orc_1, serial_shops, nicolae_lakefront_shop
D:10:     layout_roguey, led_xom_imps, enter_trove_1, uniq_fannar, uniq_erica
Temple:   nicolae_temple_superstar
Lair:1:   layout_chaotic_city, serial_forest, infiniplex_forest_clump_double,
          infiniplex_forest_end_double, infiniplex_forest_clump_diagonal,
          infiniplex_forest_clump_double, infiniplex_forest_zigzag_2,
          infiniplex_forest_3_way, infiniplex_forest_zigzag_2,
          infiniplex_forest_straight_3
Lair:2:   layout_layer_cave, shoals_dummy_entry, beast_lair_carwin_10,
          lemuel_fruit_fields, uniq_amaemon
Lair:3:   layout_regular_city, minmay_snake_entry_guardpost_medium,
          gauntlet_entry_generic, maelrawn_ghost_gauntlet_escape, uniq_rupert
Gauntlet: gammafunk_gauntlet_one_two_three [gammafunk_gauntlet_arena_crates,
          gammafunk_gauntlet_arena_teeth,
          minmay_gauntlet_arena_make_your_own_arena,
          gammafunk_gauntlet_arena_chambers, nicolae_gauntlet_arena_t_cross,
          nicolae_gauntlet_arena_blocks, gammafunk_gauntlet_arena_hedges,
          gammafunk_gauntlet_arena_mazey, gammafunk_gauntlet_arena_grid,
          nicolae_gauntlet_exit_dead_adventurers]

Skill      XL: |  1  2  3  4  5  6  7  8  9 10 11 12 |
---------------+-------------------------------------+-----
Dodging        | 2 |  2.2
Ice Magic      | 1 2 3 5 6 |  6.7
Fighting       | 3 4 5 6 7 9 |  9.9
Axes           | 4 5 6 |  6.0
Conjurations   | 4 5 6 7 |  7.8
Stealth        | 2 5 |  5.1
Fire Magic     | 1 4 6 7 |  7.2
Armour         | 1 3 5 6 |  6.0
Spellcasting   | 3 4 6 7 |  7.1
Earth Magic    | 2 4 6 |  6.3
Transmutations | 1 4 |  4.4

Action                   |  1- 3 |  4- 6 |  7- 9 | 10-12 || total
-------------------------+-------+-------+-------+-------++-------
Melee: Hand axe          |    78 |    96 |       |       ||   174
       Punch             |     1 |     1 |     3 |     5 ||    10
       Long sword        |       |     6 |   212 |   452 ||   670
       Mace              |       |       |       |    66 ||    66
Throw: Dart              |       |       |       |     8 ||     8
 Cast: Hailstorm         |       |     4 |     3 |    28 ||    35
       Stone Arrow       |       |       |       |    14 ||    14
       Lee's Rapid Decon |       |       |       |     1 ||     1
Invok: Potion Petition   |       |       |       |     5 ||     5
 Abil: Spit Poison       |    31 |    38 |    22 |    15 ||   106
Evoke: Wand              |       |     9 |     4 |    14 ||    27
  Use: Scroll            |     2 |     2 |    12 |     7 ||    23
       Potion            |     1 |       |     6 |    11 ||    18
 Stab: Sleeping          |       |       |     2 |     3 ||     5
       Distracted        |       |       |       |    10 ||    10
Armor: Leather armour    |    25 |    40 |   218 |   623 ||   906
Dodge: Dodged            |    55 |    62 |   179 |   305 ||   601

Table legend: (Time is in decaauts)
 A = Elapsed time spent in this place.
 B = Non-inter-level travel time spent in this place.
 C = Inter-level travel time spent in this place.
 D = Time resting spent in this place.
 E = Time spent auto-exploring this place.
 F = Levels seen in this place.
 G = Mean time per level.
                   A        B        C        D        E       F      G
               +--------+--------+--------+--------+--------+-----+--------+
         Total |  18398 |  17835 |    563 |   1710 |  10887 |  15 | 1226.5 |
       Dungeon |  13720 |  13251 |    469 |   1121 |   8338 |  10 | 1372.0 |
        Temple |    106 |     90 |     16 |      0 |     63 |   1 |  106.0 |
          Lair |   3750 |   3673 |     77 |    295 |   2463 |   3 | 1250.0 |
      Gauntlet |    820 |    820 |      0 |    293 |     22 |   1 |  820.0 |
               +--------+--------+--------+--------+--------+-----+--------+

Top non-repeatable levels by time:
  Lair:2: 2066 daAuts
     D:7: 1953 daAuts
     D:8: 1873 daAuts
     D:4: 1767 daAuts
     D:2: 1648 daAuts
     D:6: 1443 daAuts
  Lair:1: 1391 daAuts
     D:5: 1278 daAuts
     D:1: 1190 daAuts
     D:3: 1155 daAuts
     D:9: 887 daAuts
Gauntlet: 820 daAuts
    D:10: 523 daAuts
  Lair:3: 292 daAuts
  Temple: 106 daAuts
